 Dungeon Crawl Stone Soup version 0.30.0-29-ga12c61a403 (webtiles) character file.

Game seed: 12352341979613856803

225 seaoflcl the Trooper (level 5, -3/42 HPs)
             Began as a Demonspawn Fighter on June 16, 2023.
             Slain by Grinder (4 damage)
             ... on level 4 of the Dungeon.
             The game lasted 00:02:53 (2750 turns).

seaoflcl the Trooper (Demonspawn Fighter)           Turns: 2750, Time: 00:02:54

Health: -3/42      AC: 13    Str: 18    XL:     5   Next: 68%
Magic:  0/5        EV:  4    Int:  9    God:
Gold:   196        SH:  8    Dex: 13    Spells: 4/4 levels left

rFire   . . .        a - +0 war axe
rCold   . . .        e - +0 kite shield
rNeg    . . .        h - +0 plate armour
rPois   .            (no helmet)
rElec   .            (no cloak)
rCorr   .            k - +0 pair of gloves
SInv    .            s - +0 pair of boots
Will    .....        (no amulet) Stlth
                     (no ring)
HPRegen 0.27/turn    (no ring)
MPRegen 0.18/turn

%: guardian spirit
@: mighty, flying
A: magic shield, magic regeneration
a: no special abilities


You were on level 4 of the Dungeon.
You visited 1 branch of the dungeon, and saw 4 of its levels.

You collected 196 gold pieces.

Inventory:

Hand Weapons
 a - a +0 war axe (weapon)
Missiles
 m - 5 poisoned darts (quivered)
Armour
 e - a +0 kite shield (worn)
 h - a +0 plate armour (worn)
 k - a +0 pair of gloves (worn)
 s - a +0 pair of boots (worn)
Scrolls
 i - 2 scrolls of brand weapon {unknown}
 j - a scroll of teleportation {unknown}
 l - a scroll of enchant weapon {unknown}
 q - 2 scrolls of identify {unknown}
Potions
 b - a potion of degeneration {unknown}
 c - a potion of heal wounds {unknown}
 d - 2 potions of might
 f - a potion of attraction {unknown}
 g - 2 potions of flight
 n - 2 potions of berserk rage {unknown}
 o - 2 potions of mutation {unknown}
 p - 2 potions of curing {unknown}
 r - a potion of resistance {unknown}


   Skills:
 + Level 3.8 Fighting
 * Level 3.5 Axes
 + Level 1.4 Throwing
 + Level 3.4 Armour
 + Level 3.4 Shields


You had 4 spell levels left.
You didn't know any spells.
Your spell library contained the following spells:

 Spells                   Type           Power      Damage    Failure   Level
 Foxfire                  Conj/Fire      0%         2x1d4     100%        1
 Magic Dart               Conj           0%         1d3       100%        1
 Searing Ray              Conj           0%         2d4       100%        2
 Static Discharge         Conj/Air       0%         2-2/arc   100%        2
 Inner Flame              Hex/Fire       0%         N/A       100%        3
 Airstrike                Air            0%         2d(0-16)  100%        4
 Fulminant Prism          Conj/Hex       0%         3d5       100%        4
 Summon Lightning Spire   Summ/Air       0%         N/A       100%        4
 Fireball                 Conj/Fire      0%         3d3       100%        5
 Yara's Violent Unravell  Hex/Tmut       0%         3d3       100%        5
 Plasma Beam              Fire/Air       0%         2x1d11    100%        6
 Starburst                Conj/Fire      0%         6d3       100%        6
 Enfeeble                 Hex            0%         N/A       100%        7


Dungeon Overview and Level Annotations

Branches:
Dungeon (4/15)
 Temple: D:4-7

Altars:

Annotations:
D:4 Grinder


Innate Abilities, Weirdness & Mutations

When hurt, damage is shared between your health and your magic reserves.
You regenerate magic rapidly.


Message History

Grinder gestures at you.
You suddenly lose the ability to move!
Grinder gestures at you.
You shrug off the repeated paralysis!
Grinder gestures at you.
You shrug off the repeated paralysis!
You can move again.
Throw: 6 darts (poison)
Press: ? - help, Q - select action Shift-Dir - straight line, f/p - Grinder
Aim: Grinder (heavily wounded, poisoned, 53% to hit)
You throw a poisoned dart.
The poisoned dart closely misses Grinder.
Grinder gestures at you. Pain shoots through your body!
You block Grinder's attack.
You barely miss Grinder.
Grinder is heavily wounded.
Grinder looks more healthy.
Grinder hits you but does no damage. x2
You slash Grinder!
Grinder is severely wounded.
Grinder hits you.
* * * LOW HITPOINT WARNING * * *
You writhe in agony.
* * * LOW HITPOINT WARNING * * *
You barely miss Grinder.
Grinder is severely wounded.
Grinder gestures at you.
You suddenly lose the ability to move!
Grinder gestures at you. Pain shoots through your body!
* * * LOW HITPOINT WARNING * * *
Grinder gestures at you. You resist with significant effort.
You can move again.
It was a potion of flight.
You feel very buoyant.
You fly up into the air.
Grinder hits you.
* * * LOW HITPOINT WARNING * * *
You writhe in agony.
You die...

..........
.....#.......# #
)......###
#######....(..##
# #...##.#
#.........#
....# ##
##.........#
.#.#.#
#....(..####
...#.# #...(####
.....# #...†#
...### #...##
.#..... ##@..#
.###### #.5..#
.# #(..## .#
#(..# .# #.[.#
.# #...# .#
#.(.# ## #...#
#...


You could see Grinder.

Vanquished Creatures
  An ogre (D:4)
  A phantom (D:4)
  2 adders (D:2)
  A worm (D:4)
  A dart slug (D:1)
  2 endoplasms (D:2)
  A giant cockroach (D:3)
  8 goblins
  5 hobgoblins
  4 quokkas
  6 ball pythons
  5 bats
  A frilled lizard (D:1)
  5 kobolds
  4 rats
47 creatures vanquished.

Notes
Turn   | Place    | Note
-------+----------+-------------------------------------------
     0 | D:1      | seaoflcl the Demonspawn Fighter began the quest for the
                  | Orb.
     0 | D:1      | Reached XP level 1. HP: 18/18 MP: 1/1
   386 | D:1      | Gained mutation: You regenerate magic rapidly. [demonic
                  | ancestry]
   386 | D:1      | Reached XP level 2. HP: 23/24 MP: 2/2
  1041 | D:2      | Reached XP level 3. HP: 29/29 MP: 3/3
  2315 | D:4      | Reached XP level 4. HP: 35/35 MP: 4/4
  2337 | D:4      | Noticed a phantom
  2356 | D:4      | Killed a phantom
  2357 | D:4      | Reached skill level 1 in Throwing
  2357 | D:4      | Gained mutation: When hurt, damage is shared between your
                  | health and your magic reserves. [demonic ancestry]
  2357 | D:4      | Reached XP level 5. HP: 32/41 MP: 5/5
  2451 | D:4      | Noticed an ogre
  2458 | D:4      | Killed an ogre
  2718 | D:4      | Noticed Grinder
  2739 | D:4      | Paralysed by Grinder for 5 turns
  2748 | D:4      | Paralysed by Grinder for 2 turns
  2750 | D:4      | HP: 1/42 [Grinder (5)]
  2750 | D:4      | Slain by Grinder

Illustrated notes

Levels and vault maps discovered:
D:1:      minmay_arrival_stair_chambers, layout_loops_ring,
          roderic_serpentine_path
D:2:      layout_loops_corners, basic_altar, dreamdust_wishing_well
D:3:      layout_rooms
D:4:      kennysheep_spiral_hall, layout_loops_ring, serial_shops,
          nicolae_shop_drivethru, nrook_uturn, uniq_grinder

Skill      XL: |  1  2  3  4 |
---------------+-------------+-----
Axes           | 2 3 |  3.5
Armour         | 3 |  3.4
Shields        | 3 |  3.4
Throwing       | 1 |  1.4
Fighting       | |  3.8

Action                     |  1- 3 |  4- 6 || total
---------------------------+-------+-------++-------
  Melee: War axe           |   139 |    36 ||   175
  Throw: Dart              |       |     5 ||     5
    Use: Potion            |       |     3 ||     3
 Armour: Plate armour      |    97 |    18 ||   115
         Scale mail        |     5 |       ||     5
  Dodge: Dodged            |    23 |     6 ||    29
  Block: Kite shield       |    74 |    13 ||    87
